 Dungeon Crawl Stone Soup version 0.28-a0-1130-gc51a68064b (webtiles) character file.

Game seed: 9238527819173788359

70 lavaorc the Skirmisher (level 4, -3/41 HPs)
             Began as a Minotaur Fighter on Dec 13, 2021.
             Slain by a steam dragon (9 damage)
             ... on level 3 of the Dungeon.
             The game lasted 00:04:01 (1076 turns).

lavaorc the Skirmisher (Minotaur Fighter)           Turns: 1076, Time: 00:04:01

Health: -3/41      AC:  7    Str: 21    XL:     4   Next: 3%
Magic:  3/3        EV:  9    Int:  5    God:
Gold:   31         SH:  4    Dex: 11    Spells: 3/3 levels left

rFire   . . .      SeeInvis .   a - +0 long sword
rCold   . . .      Faith    .   c - +0 buckler
rNeg    . . .      Spirit   .   b - +0 scale mail
rPois   .          Reflect  .   (helmet restricted)
rElec   .          Harm     .   (no cloak)
rCorr   .          Rampage  .   (no gloves)
Will    .....                   (no boots)
Stlth   ..........              (no amulet)
HPRegen 0.13/turn               (no ring)
MPRegen 0.08/turn               (no ring)

@: no status effects
A: horns 2, retaliatory headbutt
a: no special abilities


You were on level 3 of the Dungeon.
You visited 1 branch of the dungeon, and saw 3 of its levels.

You collected 31 gold pieces.

Inventory:

Hand Weapons
 a - a +0 long sword (weapon)
Armour
 b - a +0 scale mail (worn)
 c - a +0 buckler (worn)
Potions
 d - a potion of might
 e - a potion of curing {unknown}
 f - a potion of haste {unknown}


   Skills:
 + Level 4.4 Fighting
 + Level 3.5 Long Blades
 + Level 4.3 Armour
 + Level 4.0 Shields


You had 3 spell levels left.
You didn't know any spells.
Your spell library contained the following spells:

 Spells                   Type           Power      Damage    Failure   Level
 Gell's Gravitas          Tloc           0%         N/A       99%         3
 Lesser Beckoning         Tloc           0%         N/A       99%         3
 Teleport Other           Tloc           0%         N/A       99%         3
 Dispersal                Tloc           0%         N/A       100%        6
 Disjunction              Tloc           0%         N/A       100%        8


Dungeon Overview and Level Annotations

Branches:
Dungeon (2/15)

Altars:


Innate Abilities, Weirdness & Mutations

You have a pair of horns on your head.
You reflexively headbutt those who attack you in melee.


Message History

You kill the rat!
No target in view!
Found a stone staircase leading up.
You now have 31 gold pieces (gained 14).
You see here a rat corpse.
You hear the quick rusting of a very distant drain.
Found a stone staircase leading down.
There is a stone staircase leading down here.
A steam dragon comes into view.
A steam dragon is nearby!
The steam dragon barely misses you.
The steam dragon claws you but does no damage.
You closely miss the steam dragon. Your headbutt misses the steam dragon.
The steam dragon breathes steam at you. The ball of steam hits you!
You hear a shout!
You hit the steam dragon.
The steam dragon is lightly wounded.
You are engulfed in a cloud of scalding steam.
The steam dragon bites you!
The steam dragon claws you but does no damage.
The steam dragon bites you! The steam dragon barely misses you.
You are too injured to fight recklessly!
The steam dragon closely misses you. You block the steam dragon's attack.
You slash the steam dragon!
The steam dragon is heavily wounded.
The steam dragon bites you!
* * * LOW HITPOINT WARNING * * *
The steam dragon claws you but does no damage.
You closely miss the steam dragon.
The steam dragon is heavily wounded.
The steam dragon bites you.
* * * LOW HITPOINT WARNING * * *
You block the steam dragon's attack.
A hobgoblin comes into view.
The hobgoblin shouts!
You slash the steam dragon! Your headbutt misses the steam dragon.
The steam dragon is almost dead.
The steam dragon bites you!
You die...

##g##
...#
...###
....#
#...#
##...####
#..D....+
#.###@..#
#.......#
######.##
#.# #>#
#+# #.#
#.# #.#
#.# #.#
##.###
#.#
##....##


You could see a steam dragon and a hobgoblin.

Vanquished Creatures
  5 adders
  A worm (D:2)
  2 endoplasms
  A giant cockroach (D:1)
  4 hobgoblins
  4 jackals (D:1)
  A kobold (D:1)
  2 bats (D:1)
  3 rats
23 creatures vanquished.

Vanquished Creatures (others)
  A plant (D:1)
1 creature vanquished.

Grand Total: 24 creatures vanquished

Notes
Turn   | Place    | Note
-------+----------+-------------------------------------------
     0 | D:1      | lavaorc the Minotaur Fighter began the quest for the Orb.
     0 | D:1      | Reached XP level 1. HP: 19/19 MP: 0/0
   112 | D:1      | Found a faded altar of an unknown god.
   152 | D:1      | Reached XP level 2. HP: 25/27 MP: 1/1
   506 | D:2      | Reached XP level 3. HP: 18/33 MP: 2/2
   508 | D:2      | You fall into a shaft and drop 1 floor!
   989 | D:3      | Reached XP level 4. HP: 39/41 MP: 3/3
  1067 | D:3      | Noticed a steam dragon
  1076 | D:3      | Slain by a steam dragon

Illustrated notes

Levels and vault maps discovered:
D:1:      lightli_arrival_flooded_house, layout_rooms,
          hellmonk_ecumenical_altar_pennies_from_heaven
D:2:      layout_basic, kennysheep_flooded_box, uniq_sigmund
D:3:      layout_loops_corners, gup_sewer_entry_spiral

Skill      XL: |  1  2  3 |
---------------+----------+-----
Armour         | 4 |  4.3
Fighting       | 4 |  4.4
Shields        | 4 |  4.0
Long Blades    | 3 |  3.5

Action                   |  1- 3 |  4- 6 || total
-------------------------+-------+-------++-------
Melee: Long sword        |    60 |     6 ||    66
       Headbutt          |     9 |       ||     9
Armor: Scale mail        |    28 |     3 ||    31
Dodge: Dodged            |    26 |     3 ||    29
Block: Buckler           |    10 |     2 ||    12

Table legend: (Time is in decaauts)
 A = Elapsed time spent in this place.
 B = Non-inter-level travel time spent in this place.
 C = Inter-level travel time spent in this place.
 D = Time resting spent in this place.
 E = Time spent auto-exploring this place.
 F = Levels seen in this place.
 G = Mean time per level.
                   A        B        C        D        E       F      G
               +--------+--------+--------+--------+--------+-----+--------+
         Total |   1094 |   1094 |      0 |     19 |    807 |   3 |  364.7 |
       Dungeon |   1094 |   1094 |      0 |     19 |    807 |   3 |  364.7 |
               +--------+--------+--------+--------+--------+-----+--------+

Top non-repeatable levels by time:
     D:3: 576 daAuts
     D:1: 395 daAuts
     D:2: 122 daAuts
